Map: New Gettysburg LE

Players

Starkiller - Winner!

  • Race: Protoss Protoss
  • Spawn Location: 7:00

Fropez

  • Race: Protoss Protoss
  • League: Gold
  • Spawn Location: 5:00

VOD

Have the link to the VOD?

Description

Time

  • Played on: Oct. 21, 2016, 11:31 p.m.
  • Length: 10:47
Show
View Real Time Build Order
Export as new Build Order

Starkiller Protoss - Winner!

Build Orders: 1 Gate Expand 

Get SALT Encoding   

  12  0:03  Probe (Chrono Boost)  
  13  0:13  Probe (Chrono Boost)  
  14  0:24  Pylon  
  14  0:28  Probe (Chrono Boost)  
  16  0:42  Probe (Chrono Boost)  
  16  0:43  Gateway  
  16  0:53  Probe (Chrono Boost)  
  17  1:02  Forge  
  18  1:04  Probe (Chrono Boost)  
  18  1:08  Assimilator  
  18  1:21  Probe (Chrono Boost)  
  19  1:41  Nexus  
  19  1:44  Pylon  
  19  1:56  Probe (Chrono Boost)  
  19  2:00  Zealot (Chrono Boost)  
  22  2:07  Cybernetics Core  
  22  2:08  Probe  
  23  2:13  Assimilator  
  23  2:50  Robotics Facility  
  23  2:56  Warp Gate (Chrono Boost)  
  23  3:00  Probe  
  23  3:04  Probe  
  25  3:11  Stalker  
  25  3:12  Probe  
  28  3:14  Probe  
  29  3:24  Probe  
  29  3:25  Probe  
  31  3:36  Probe  
  32  3:44  Probe  
  32  3:48  Probe  
  34  3:50  Immortal (Chrono Boost)  
  34  3:54  Probe  
  38  3:57  Photon Cannon  
  38  4:00  Probe  
  40  4:04  Mothership Core  
  42  4:14  Probe  
  43  4:23  Probe  
  43  4:26  Probe  
  45  4:41  Pylon  
  45  4:45  Probe  
  46  4:51  Assimilator  
  46  4:53  Assimilator  
  46  4:57  Gateway  
  46  4:58  Probe  
  46  4:59  Probe  
  48  5:01  Gateway  
  48  5:02  Immortal (Chrono Boost)  
  48  5:05  Pylon  
  52  5:09  Protoss Ground Weapons Level 1  
  52  5:11  Pylon  
  52  5:30  Gateway  
  52  5:32  Probe  
  52  5:34  Probe  
  54  5:35  Gateway  
  54  5:36  Observer (Chrono Boost), Stalker  
  54  5:38  Gateway  
  57  5:42  Probe  
  57  5:46  Probe  
  59  5:50  Pylon  
  59  5:55  Immortal (Chrono Boost)  
  63  6:07  Stalker x2  
  67  6:17  Photon Cannon  
  67  6:35  Twilight Council  
  67  6:37  Photon Cannon  
  67  6:42  Stalker  
  67  6:43  Stalker x2  
  68  7:18  Stalker  
  68  7:19  Stalker x4  
  78  7:25  Pylon  
  78  7:26  Pylon  
  78  7:29  Pylon  
  78  7:42  Warp Prism (Chrono Boost)  
  71  8:04  Probe  
  71  8:05  Probe  
  73  8:09  Blink  
  73  8:14  Probe  
  73  8:17  Probe  
  75  8:29  Probe  
  76  8:38  Adept x4  
  76  8:39  Adept x2  
  88  9:07  Zealot x2  
  88  9:08  Zealot x4  
  82  9:31  Stalker  
  82  9:32  Stalker x5  
Show
View Real Time Build Order
Export as new Build Order

Fropez Protoss 

Build Orders:  

Get SALT Encoding   

  12  0:01  Probe (Chrono Boost)  
  13  0:11  Probe (Chrono Boost)  
  14  0:18  Pylon  
  14  0:23  Probe (Chrono Boost)  
  15  0:29  Assimilator  
  15  0:37  Probe (Chrono Boost)  
  16  0:47  Probe (Chrono Boost)  
  17  0:51  Gateway  
  17  0:58  Probe (Chrono Boost)  
  18  1:08  Probe (Chrono Boost)  
  19  1:11  Forge  
  19  1:19  Probe (Chrono Boost)  
  20  1:29  Probe (Chrono Boost)  
  21  1:40  Probe (Chrono Boost)  
  22  1:48  Nexus  
  22  1:55  Assimilator  
  22  2:03  Cybernetics Core  
  22  2:04  Probe (Chrono Boost)  
  23  2:31  Gateway  
  23  2:45  Pylon  
  23  2:57  Pylon  
  23  3:00  Pylon, Mothership Core (Chrono Boost)  
  23  3:02  Probe (Chrono Boost)  
  26  3:07  Warp Gate (Chrono Boost)  
  26  3:10  Stalker  
  28  3:25  Probe (Chrono Boost)  
  29  3:29  Stalker  
  29  3:31  Pylon  
  29  3:32  Probe (Chrono Boost)  
  32  3:36  Probe (Chrono Boost)  
  32  3:38  Pylon  
  33  3:50  Pylon  
  33  3:52  Probe (Chrono Boost)  
  33  4:09  Stalker x2  
  37  4:12  Probe  
  37  4:14  Probe  
  39  4:21  Twilight Council  
  39  4:23  Probe  
  39  4:30  Probe  
  41  4:39  Probe  
  42  4:49  Robotics Facility  
  42  4:51  Probe, Assimilator  
  43  4:52  Probe  
  44  5:02  Pylon, Blink (Chrono Boost)  
  44  5:08  Stalker x2  
  48  5:17  Probe  
  48  5:19  Probe  
  50  5:28  Probe  
  50  5:29  Assimilator  
  51  5:41  Adept x2  
  51  5:42  Warp Prism  
  55  5:45  Probe  
  55  5:46  Probe  
  59  5:56  Probe  
  59  5:58  Probe  
  61  6:06  Gateway x2  
  61  6:08  Probe  
  61  6:09  Gateway  
  61  6:10  Probe  
  63  6:12  Pylon  
  63  6:17  Adept  
  63  6:18  Adept  
  67  6:22  Probe  
  67  6:23  Probe  
  69  6:40  Adept x2  
  69  6:41  Immortal  
  77  6:50  Gateway  
  71  7:16  Resonating Glaives (Chrono Boost)  
  69  7:25  Adept x4  
  69  8:09  Adept x2  
  69  8:10  Adept x3  
  79  8:15  Nexus  
  79  8:17  Assimilator  
  77  8:21  Assimilator  
  77  8:24  Pylon  
  77  8:25  Pylon  
  75  8:29  Immortal  
  75  8:31  Stalker  
  75  8:32  Stalker x2  
  75  8:33  Stalker  
  85  8:38  Pylon  
  79  8:41  Pylon  
  79  8:47  Pylon  
  79  8:50  Pylon  
  79  8:56  Stalker  
  79  8:57  Gateway, Stalker x4  
  79  8:59  Gateway  
  89  9:05  Probe  
  89  9:06  Probe  
  89  9:07  Forge  
  89  9:09  Forge  
  88  9:30  Adept x4  
  88  9:31  Adept x2  
  46  9:57  Stalker x5  
  46  9:58  Stalker x3  
  47  10:23  Stalker x4  
Tags
 
League
Gold
Matchup
PvP
Replay Pack
From the laptop
Spawn Locations
Close Positions
Add a new tag
Caveats
  • Supply blocks, unpowered buildings, or Contaminate may cause inaccurate times.
  • Supply counts are checked every 10 seconds.